 Dungeon Crawl Stone Soup version 0.29.1-15-g9cfb28693d (webtiles) character file.

Game seed: 16706013293247932436

10 leafyfresh the Sneak (level 2, -4/21 HPs)
             Began as an Octopode Delver on Mar 4, 2023.
             Slain by a gnoll
             ... wielding a +0 flail
              (5 damage)
             ... on level 5 of the Dungeon.
             The game lasted 00:00:26 (102 turns).

leafyfresh the Sneak (Octopode Delver)               Turns: 102, Time: 00:00:27

Health: -4/21      AC:  1    Str: 11    XL:     2   Next: 20%
Magic:  2/2        EV: 13    Int: 12    God:
Gold:   0          SH:  0    Dex: 13    Spells: 1/1 levels left

rFire   . . .      SeeInvis .   a - +0 short sword
rCold   . . .      Faith    .   (no shield)
rNeg    . . .      Spirit   .   (helmet restricted)
rPois   .          Reflect  .   (no amulet)
rElec   .          Harm     .   (no ring)
rCorr   .          Rampage  .   (no ring)
Will    .....                   (no ring)
Stlth   +++++.....              (no ring)
HPRegen 0.07/turn               (no ring)
MPRegen 0.08/turn               (no ring)
                                (no ring)
                                (no ring)

@: no status effects
A: almost no armour, amphibious, 8 rings, camouflage 1, gelatinous body 1,
nimble swimmer 1, tentacles
a: no special abilities


You were on level 5 of the Dungeon.
You visited 1 branch of the dungeon, and saw 1 of its levels.

Inventory:

Hand Weapons
 a - a +0 short sword (weapon)
Jewellery
 c - a +4 ring of evasion
Wands
 f - a wand of digging (3)
 g - a wand of roots (13)
Scrolls
 b - a scroll of fog
 d - a scroll of fear
Potions
 e - a potion of haste


   Skills:
 + Level 3.2 Fighting
 - Level 2.0 Short Blades
 + Level 2.3 Dodging
 + Level 6.8 Stealth


You had one spell level left.
You didn't know any spells.
Your spell library was empty.

Dungeon Overview and Level Annotations

Branches:
Dungeon (5/15)             Temple (0/1) D:5

Altars:


Innate Abilities, Weirdness & Mutations

You cannot wear most types of armour.
You are amphibious.
You can wear up to eight rings at the same time.
Your skin changes colour to match your surroundings (Stealth+).
Your rubbery body absorbs attacks. (AC +1, EV +1)
You are camouflaged when in or above water. (Stealth+)
You have tentacles for arms and can constrict up to eight enemies at once.


Message History

You hit the adder. Your grab misses the adder.
The adder is moderately wounded.
The adder bites you.
You closely miss the adder. Your grab misses the adder.
The adder is moderately wounded.
The adder barely misses you. The adder bites you.
You hit the adder. You grab the adder.
The adder is heavily wounded.
You constrict the adder. The adder misses you.
You hit the adder but do no damage. You squeeze the adder.
You kill the adder!
You have reached level 2!
g - a wand of roots (13)
There are no items here.
Found a long sword.
You open the door. 4 gnolls come into view.
A gnoll is wielding a +1 vorpal flail.
The gnoll shouts! x2; You hear an angry hiss.
Found an escape hatch in the ceiling.
Found a stone staircase leading up.
An iguana comes into view.
The gnoll shouts!
The gnoll hits you with a +0 flail.
There is an open door, spattered with blood here.
The gnoll attacks as you move away! The gnoll barely misses you.
A rat comes into view.
The gnoll attacks as you move away! The gnoll closely misses you.
Found 11 gold pieces.
The gnoll attacks as you move away! The gnoll closely misses you.
A river rat comes into view.
A worm comes into view.
The gnoll attacks as you move away! The gnoll hits you with a +0 flail.
You hit the rat.
You kill the rat!
The gnoll hits you with a +0 flail!
* * * LOW HITPOINT WARNING * * *
The gnoll attacks as you move away! The gnoll barely misses you.
You hear the slow rusting of a drain.
You see here a rat corpse.
The gnoll attacks as you move away! The gnoll hits you with a +0 flail.
You die...

#.##.#
#............g......,**
##*#.#
#########g#####.....**
#.# #.# *#...#* #.# #l#
*#+## #.# ###.# *,* #.#
#####..g# *,* #.#
#...^...#####**,*****
#.#
#....gg.....#.,,,,,,*
#.#
#..$..@.......,,,,*,*
####.#
##..~~~~~.w...,,,**,***
.....#
#####~#~#~~..,,,,,,,,,
######
*~~~~~r~~~#.*,***,***
*~*########,*,***,*
*~~~~~~*∩**,,,,,,,*
****~*~*~****,*****
*~~~~*~*~* *,*
*~**~*~*~* *,*


You could see a worm (asleep), an iguana, 4 gnolls and a river rat (asleep).

Vanquished Creatures
  An adder (D:5)
  A rat (D:5)
2 creatures vanquished.

Notes
Turn   | Place    | Note
-------+----------+-------------------------------------------
     0 | D:5      | leafyfresh the Octopode Delver began the quest for the Orb.
     0 | D:5      | Reached XP level 1. HP: 16/16 MP: 1/1
    69 | D:5      | Reached XP level 2. HP: 16/21 MP: 2/2
   100 | D:5      | HP: 1/21 [gnoll/+0 flail (10)]
   102 | D:5      | Slain by a gnoll

Illustrated notes

Levels and vault maps discovered:
D:5:      layout_loops_corners, temple_statues, lightli_sewer_entry_pipes

Action                   || total
-------------------------++-------
Melee: Short sword       ||     6
       Constrict         ||     1
       Tentacles         ||     1
  Use: Scroll            ||     1
Dodge: Dodged            ||     7
